 Dungeon Crawl Stone Soup version 0.21.1-1-g345015f (webtiles) character file.

637 MajorAdolf the Magician (level 7, -6/59 HPs)
             Began as a Troll Wizard on Apr 6, 2018.
             Mangled by Edmund
             ... wielding a +2 dire flail of protection
              (14 damage)
             ... on level 5 of the Dungeon.
             The game lasted 00:13:48 (3052 turns).

MajorAdolf the Magician (Troll Wizard)              Turns: 3052, Time: 00:13:49

Health: -6/59      AC:  6    Str: 16    XL:     7   Next: 25%
Magic:  6/11       EV:  9    Int: 16    God:
Gold:   116        SH:  0    Dex:  8    Spells: 3/13 levels left

rFire    . . .     SeeInvis .   (no weapon)
rCold    . . .     Gourm    +   (no shield)
rNeg     . . .     Faith    .   q - +0 robe
rPois    .         Spirit   .   b - +1 hat
rElec    .         Reflect  .   (no cloak)
rCorr    .         Harm     .   (gloves unavailable)
MR       .....                  (boots unavailable)
Stlth    +.........             (no amulet)
HPRegen  0.59/turn              (no ring)
MPRegen  0.12/turn              (no ring)

@: no status effects
A: large, unfitting armour, claws 3, fast metabolism 3, gourmand, regeneration
1, shaggy fur 1, tough skin 2
a: no special abilities


You were on level 5 of the Dungeon.
You were not hungry.

You visited 1 branch of the dungeon, and saw 5 of its levels.

You collected 193 gold pieces.
You spent 77 gold pieces at shops.

Inventory:

Armour
 a - a +0 robe
 b - a +1 hat (worn)
 q - a +0 robe (worn)
Scrolls
 g - a scroll of fog
 h - 2 scrolls of fear
 i - 4 scrolls of identify
 j - a scroll of blinking
 m - 2 scrolls of remove curse
Potions
 e - 2 potions of mutation
 f - 2 potions of curing
 n - a potion of lignification
 p - a potion of ambrosia
Books
 c - a book of Minor Magic

   Spells                             Type                      Level
   a - Magic Dart                     Conjuration                  1
   b - Blink                          Translocation                2
   c - Call Imp                       Summoning                    2
   d - Slow                           Hexes                        2
   e - Conjure Flame                  Conjuration/Fire             3
   f - Mephitic Cloud                 Conjuration/Poison/Air       3
 o - a book of Cantrips

   Spells                             Type                      Level
   a - Confusing Touch                Hexes                        1
   b - Animate Skeleton               Necromancy                   1
   c - Summon Small Mammal            Summoning                    1
   d - Apportation                    Translocation                1
Comestibles
 d - 9 rations


   Skills:
 - Level 1.5 Dodging
 - Level 1.0 Stealth
 - Level 3.5 Spellcasting
 - Level 2.0 Conjurations
 - Level 0.6 Summonings
 - Level 3.0 Translocations
 - Level 2.0 Air Magic
 + Level 1.2 Poison Magic


You had 3 spell levels left.
You knew the following spells:

 Your Spells              Type           Power        Failure   Level  Hunger
a - Magic Dart            Conj           #...         8%          1    None
b - Blink                 Tloc           N/A          8%          2    ##.....
c - Call Imp              Summ           #.......     21%         2    ##.....
d - Apportation           Tloc           ##....       5%          1    None
e - Animate Skeleton      Necr           N/A          19%         1    None
f - Mephitic Cloud        Conj/Pois/Air  #.......     26%         3    ###....


Dungeon Overview and Level Annotations

Branches:
Dungeon (5/15)             Temple (0/1) D:5

Altars:
Fedhas

Shops:
D:4 ?   D:5 [

Annotations:
D:5 Edmund; iamserjio's ghost, novice OpMo


Innate Abilities, Weirdness & Mutations

You are too large for most types of armour.
You have claws for hands.
Your metabolism is lightning-fast.
You like to eat raw meat.
Your natural rate of healing is unusually fast.
You are covered in fur. (AC +1)
You have very tough skin. (AC +2)


Message History

Edmund hits you with a dire flail of protection.
* * * LOW HITPOINT WARNING * * *
Your shadow imp misses Edmund.
Unknown command.
You scratch Edmund.
Edmund is heavily wounded.
Edmund closely misses you.
Your shadow imp closely misses Edmund.
You scratch Edmund.
Edmund is severely wounded.
Edmund barely misses you.
Your shadow imp barely misses Edmund.
You closely miss Edmund.
Edmund is severely wounded.
Edmund hits you with a dire flail of protection!
* * * LOW HITPOINT WARNING * * *
Your shadow imp hits Edmund.
Unknown command.
You scratch Edmund but do no damage.
Edmund is severely wounded.
Edmund hits you with a dire flail of protection!
You die...

...........
#..##..#.#
..[..#... .
#........#
#†##.# ..
#.......##
#....# ..?
#.###.#.#
#.#..# ....
#.###.#.#
#.#..#.....
#.##..#.#
†......#
#.##.##.#
###.####
#.##@##.# #.#
#..@5...# #.#
####.####
#.##### #.#
#.....# #.#
#####.#
#######)#
#.###.......#
#.....#######
#######


You could see Edmund and a friendly shadow imp.

Vanquished Creatures
  A sky beast (D:5)
  An ogre (D:4)
  A howler monkey (D:4)
  3 orc wizards
  Jessica (D:3)
  2 iguanas (D:4)
  A worker ant (D:4)
  6 gnolls
  4 adders
  A howler monkey skeleton (D:4)
  An ooze (D:3)
  4 leopard geckos
  10 orcs
  5 bats
  4 giant cockroaches
  6 goblins
  11 hobgoblins
  8 jackals (D:1)
  2 quokkas
  A ball python (D:2)
  6 frilled lizards
  A jackal skeleton (D:4)
  12 kobolds
  6 rats
98 creatures vanquished.

Vanquished Creatures (collateral kills)
  2 orc wizards (D:4)
  2 worker ants (D:4)
  2 adders
  A dart slug (D:5)
  A hobgoblin (D:3)
  A bat (D:3)
9 creatures vanquished.

Grand Total: 107 creatures vanquished

Notes
Turn   | Place    | Note
-------+----------+-------------------------------------------
     0 | D:1      | MajorAdolf the Troll Wizard began the quest for the Orb.
     0 | D:1      | Reached XP level 1. HP: 16/16 MP: 2/2
    86 | D:1      | Reached XP level 2. HP: 17/24 MP: 4/4
    95 | D:1      | Learned a level 2 spell: Blink
    98 | D:1      | Learned a level 2 spell: Call Imp
   184 | D:1      | Reached skill level 1 in Translocations
   330 | D:1      | Reached XP level 3. HP: 25/31 MP: 5/5
   765 | D:2      | Reached XP level 4. HP: 38/39 MP: 6/6
  1151 | D:2      | Learned a level 1 spell: Apportation
  1153 | D:2      | Learned a level 1 spell: Animate Skeleton
  1478 | D:3      | Found a blossoming altar of Fedhas.
  1552 | D:3      | Reached XP level 5. HP: 41/45 MP: 7/7
  1591 | D:3      | Noticed Jessica
  1605 | D:3      | Killed Jessica
  1703 | D:3      | You fall through a shaft!
  1797 | D:4      | Noticed an ogre
  1811 | D:4      | Killed an ogre
  1811 | D:4      | Reached XP level 6. HP: 30/53 MP: 3/10
  1870 | D:4      | Learned a level 3 spell: Mephitic Cloud
  1993 | D:4      | Reached skill level 1 in Conjurations
  2218 | D:4      | Reached skill level 1 in Air Magic
  2235 | D:5      | Entered Level 5 of the Dungeon
  2235 | D:5      | Noticed iamserjio's ghost (novice OpMo)
  2470 | D:4      | Found Woriodim's Magic Scroll Shoppe.
  2478 | D:4      | Bought a scroll of fear for 49 gold pieces
  2478 | D:4      | Bought a scroll of identify for 28 gold pieces
  2662 | D:5      | Found a staircase to the Ecumenical Temple.
  2694 | D:5      | Noticed a sky beast
  2722 | D:5      | Killed a sky beast
  2722 | D:5      | Reached XP level 7. HP: 31/59 MP: 6/11
  2755 | D:5      | Reached skill level 1 in Poison Magic
  2830 | D:5      | Found Xoaz's Antique Armour Shoppe.
  2907 | D:5      | Noticed Edmund
  3052 | D:5      | Mangled by Edmund

Skill      XL: |  1  2  3  4  5  6  7 |
---------------+----------------------+-----
Translocations | 1 2 3 |  3.0
Spellcasting   | 3 |  3.5
Conjurations   | 2 |  2.0
Air Magic      | 2 |  2.0
Poison Magic   | 1 |  1.2
Dodging        | |  1.5
Stealth        | |  1.0
Summonings     | |  0.6

Action                   |  1- 3 |  4- 6 |  7- 9 || total
-------------------------+-------+-------+-------++-------
Melee: Unarmed           |   136 |   287 |    77 ||   500
 Cast: Call Imp          |       |    16 |     4 ||    20
       Blink             |       |     1 |       ||     1
       Mephitic Cloud    |       |     1 |     1 ||     2
  Use: Scroll            |       |     9 |       ||     9
 Stab: Sleeping          |     1 |     2 |       ||     3
       Confused          |       |       |     2 ||     2
  Eat: Chunk             |     9 |    16 |       ||    25
       Ration            |       |       |     1 ||     1
Armor: Robe              |    56 |   124 |    15 ||   195
Dodge: Dodged            |    66 |   159 |    38 ||   263
